 Dungeon Crawl Stone Soup version 0.19.5 (webtiles) character file.

700 doot the Changer (level 7, 0/39 HPs)
             Began as an Octopode Transmuter on Apr 23, 2017.
             Was an Initiate of Ashenzari.
             Shot with an arrow by a centaur (3 damage)
             ... on level 6 of the Dungeon on May 5, 2017.
             The game lasted 00:27:53 (7794 turns).

doot the Changer (Octopode Transmuter)              Turns: 7794, Time: 00:27:54

Health: 0/39       AC:  1    Str:  7 (10) XL:     7   Next: 65%
Magic:  12/12      EV: 19    Int: 14 (15) God:    Ashenzari [......]
Gold:   281        SH:  0    Dex: 14 (17) Spells: 3 memorised, 5 levels left

rFire  . . .     SeeInvis .     K - +1 flail (holy)
rCold  . . .     Gourm    +     (no shield)
rNeg   . . .     Faith    .     (helmet restricted)
rPois  .         Spirit   .     u - amulet of the gourmand
rElec  .         Reflect  .     (no ring)
rCorr  .         Harm     .     (no ring)
MR     .....                    (no ring)
Stlth  ++++......               (no ring)
                                (no ring)
                                (no ring)
                                (no ring)
                                (no ring)

@: agile, very slightly contaminated
A: almost no armour, stealthy swim, amphibious, 8 rings, constrict 8, camouflage
1, blurry vision 1, dopey 1, frail 1, gelatinous body 1
a: Curse Item, Renounce Religion


You were on level 6 of the Dungeon.
You worshipped Ashenzari.
Ashenzari was noncommittal.
You were full.

You visited 2 branches of the dungeon, and saw 8 of its levels.

You collected 281 gold pieces.

Inventory:

Hand Weapons
 d - a +0 short sword
 x - a +0 mace
 z - a +0 flail
 A - a +0 dagger of speed
 K - a +1 flail of holy wrath (weapon)
Missiles
 a - 72 arrows
 f - 16 poisoned needles
 o - 5 needles of sleeping
Armour
 J - a +0 shield
Jewellery
 u - an amulet of the gourmand (around mantle)
 C - an uncursed ring of ice
 D - an uncursed ring of fire
Wands
 E - a wand of slowing (20/48)
 F - a wand of lightning (5/15)
Scrolls
 e - 3 scrolls of teleportation {unknown}
 i - a scroll of amnesia {unknown}
 j - 4 scrolls of remove curse
 k - 5 scrolls of identify
 s - 2 scrolls of magic mapping {unknown}
 w - a scroll of recharging {unknown}
 y - a scroll of fog {unknown}
 B - a scroll of enchant armour {unknown}
 I - a scroll of blinking {unknown}
Potions
 h - a potion of degeneration
 l - 3 potions of curing
 G - a potion of berserk rage
Books
 b - a book of Changes

   Spells                             Type                      Level
   a - Beastly Appendage              Transmutation                1
   b - Sticks to Snakes               Transmutation                2
   c - Spider Form                    Transmutation/Poison         3
   d - Ice Form                       Ice/Transmutation            4
   e - Blade Hands                    Transmutation                5
 H - a book of Minor Magic

   Spells                             Type                      Level
   a - Magic Dart                     Conjuration                  1
   b - Blink                          Translocation                2
   c - Call Imp                       Summoning                    2
   d - Repel Missiles                 Charms/Air                   2
   e - Slow                           Hexes                        2
   f - Conjure Flame                  Conjuration/Fire             3
   g - Mephitic Cloud                 Conjuration/Poison/Air       3
Comestibles
 c - 4 bread rations
 g - 2 beef jerkies
 m - a slice of pizza
 q - 4 meat rations


   Skills:
 + Level 1.8 Fighting
 + Level 1.7 Short Blades
 + Level 0.8 Maces & Flails
 * Level 3.5 Dodging
 * Level 3.7 Stealth
 + Level 4.1 Unarmed Combat
 * Level 3.8 Spellcasting
 * Level 4.3 Transmutations
 + Level 0.2 Ice Magic
 + Level 1.4 Poison Magic


You had 5 spell levels left.
You knew the following spells:

 Your Spells              Type           Power        Failure   Level  Hunger
a - Beastly Appendage     Tmut           ##....       3%          1    None
b - Spider Form           Tmut/Pois      ##........   21%         3    ###....
c - Ice Form              Ice/Tmut       #.......     82%         4    ####...


Dungeon Overview and Level Annotations

Branches:
Dungeon (7/15)             Temple (1/1) D:5

Altars:
Ashenzari
Dithmenos
Elyvilon
Fedhas
Gozag
Hepliaklqana
Kikubaaqudgha
Makhleb
Nemelex Xobeh
Okawaru
Qazlal
Ru
Sif Muna
Trog
Vehumet
Xom
Yredelemnul
Zin
The Shining One

Annotations:
D:4 Pikel


Innate Abilities, Weirdness & Mutations

You cannot wear most types of armour.
You are very stealthy in the water. (Stealth+)
You are amphibious.
You can wear up to eight rings at the same time.
You can use your tentacles to constrict eight enemies at once.
Your skin changes colour to match your surroundings (Stealth+).
Your rubbery body absorbs attacks. (AC +1, EV +1)
Scrolls take you a little longer to read.
You are dopey. (Int -2)
You are frail. (-10% HP)


Message History

Evoke which item? (* to show all) (? for menu, Esc to quit)
Okay, then.
Really read with blurry vision while enemies are nearby?
Okay, then.
Unknown command.
Unknown command.
Unknown command.
The centaur shoots an arrow.
The arrow barely misses you.
You see here an arrow.
You feel yourself slow down.
The centaur shoots an arrow.
The arrow completely misses you.
You see here an arrow.
The centaur shoots an arrow.
The arrow barely misses you.
You see here an arrow.
You open the door.
The centaur shoots an arrow.
The arrow closely misses you.
The centaur shoots an arrow.
The arrow hits you!
* * * LOW HITPOINT WARNING * * *
There is an open door here.
The centaur shoots an arrow.
The arrow hits you.
You die...

#............#
#............###
+..............
#............o[ #
#.....(.....###
#.#......c....#
........(.....########..
..............##........
...........(.(('@.......
....############........
..(. #........ ....
#........ .... #........
.... ######### ....


You could see a centaur.

Vanquished Creatures
  An ice beast (D:7)
  2 slaves
  A centaur (D:7)
  A hound (D:5)
  A jelly (D:7)
  A centaur skeleton (D:5)
  2 orc priests
  3 worker ants
  3 orc wizards
  A hound skeleton (D:4)
  2 gnolls (D:7)
  6 adders
  A shadow imp (D:5)
  2 oozes
  4 worms
  A dart slug (D:1)
  4 leopard geckos
  25 orcs
  4 giant cockroaches
  12 goblins
  2 hobgoblins
  5 jackals
  6 kobolds
  A quokka (D:7)
  2 ball pythons
  2 bats
  A frilled lizard (D:2)
  A quokka skeleton (D:4)
  12 rats
109 creatures vanquished.

Notes
Turn   | Place    | Note
-------+----------+-------------------------------------------
     0 | D:1      | doot the Octopode Transmuter began the quest for the Orb.
     0 | D:1      | Reached XP level 1. HP: 13/13 MP: 3/3
   238 | D:1      | Reached XP level 2. HP: 10/18 MP: 3/5
   829 | D:1      | Reached XP level 3. HP: 21/23 MP: 4/6
   953 | D:1      | Learned a level 3 spell: Spider Form
  1231 | D:2      | Reached skill level 1 in Stealth
  1439 | D:2      | Reached XP level 4. HP: 17/28 MP: 5/8
  1445 | D:2      | Learned a level 4 spell: Ice Form
  2667 | D:3      | Noticed a moth of wrath
  2670 | D:3      | Found a bloodstained altar of Trog.
  3021 | D:4      | Reached skill level 1 in Short Blades
  3104 | D:4      | Reached XP level 5. HP: 28/33 MP: 5/9
  3129 | D:4      | Noticed a slave
  3159 | D:4      | Killed a slave
  3563 | D:4      | Noticed a slave
  3564 | D:4      | Noticed Pikel
  3610 | D:3      | Killed a slave
  4246 | D:4      | Found a glowing golden altar of the Shining One.
  4322 | D:4      | Reached skill level 1 in Poison Magic
  4322 | D:4      | Reached XP level 6. HP: 38/38 MP: 8/10
  4386 | D:5      | Entered Level 5 of the Dungeon
  4461 | D:5      | Noticed a sky beast
  4570 | D:5      | Found a staircase to the Ecumenical Temple.
  4581 | Temple   | Entered the Ecumenical Temple
  4772 | Temple   | Became a worshipper of Ashenzari the Shackled
  5347 | D:5      | You fall through a shaft for 2 floors!
  5432 | D:7      | Found a glowing golden altar of the Shining One.
  5849 | D:7      | Noticed an ice beast
  6239 | D:7      | Killed an ice beast
  6239 | D:7      | Reached XP level 7. HP: 44/44 MP: 7/12
  6368 | D:7      | Found an iron altar of Okawaru.
  7034 | D:7      | Noticed a troll
  7194 | D:7      | Gained mutation: Scrolls take you a little longer to read. [mutagenic glow]
  7246 | D:7      | Gained mutation: You are dopey. (Int -2) [mutagenic glow]
  7273 | D:7      | Gained mutation: You are frail. (-10% HP) [mutagenic glow]
  7794 | D:6      | Shot with an arrow by a centaur

Skill      XL: |  1  2  3  4  5  6  7 |
---------------+----------------------+-----
Stealth        | 1 2 3 |  3.7
Short Blades   | 1 |  1.7
Transmutations | 3 4 |  4.3
Dodging        | 3 |  3.5
Spellcasting   | 3 |  3.8
Poison Magic   | 1 |  1.4
Unarmed Combat | 4 |  4.1
Fighting       | |  1.8
Maces & Flails | |  0.8
Ice Magic      | |  0.2

Action                   |  1- 3 |  4- 6 |  7- 9 || total
-------------------------+-------+-------+-------++-------
Melee: Short sword       |    73 |    13 |       ||    86
       Kick              |    15 |    24 |     4 ||    43
       Constrict         |    25 |    21 |     4 ||    50
       Tentacles         |     8 |    11 |     5 ||    24
       Punch             |     1 |     4 |       ||     5
       Unarmed           |     5 |    86 |    32 ||   123
       Mace              |       |     6 |       ||     6
       Flail             |       |     5 |     4 ||     9
       Dagger            |       |    78 |    16 ||    94
 Cast: Beastly Appendage |    18 |    22 |     2 ||    42
       Spider Form       |     1 |    14 |     4 ||    19
       Ice Form          |       |     1 |     1 ||     2
  Use: Scroll            |       |     3 |       ||     3
       Potion            |       |       |     8 ||     8
 Stab: Sleeping          |     3 |     2 |     4 ||     9
  Eat: Chunk             |    12 |    22 |     4 ||    38
Armor: Skin              |    11 |     8 |     2 ||    21
Dodge: Dodged            |    55 |   115 |    48 ||   218
